 Dungeon Crawl Stone Soup version 0.29.0-4-gdea44cf6ec (webtiles) character file.

Game seed: 8544743065670694710

10646 qw the Grappler (level 11, 0/102 HPs)
             Began as a Troll Cinder Acolyte on Aug 30, 2022.
             Was an Initiate of Ignis.
             Succumbed to a killer bee's poison
             ... on level 9 of the Dungeon.
             The game lasted 00:05:06 (8777 turns).

qw the Grappler (Troll Cinder Acolyte)              Turns: 8777, Time: 00:05:06

Health: 0/102      AC:  7    Str: 34    XL:     11   Next: 38%
Magic:  11/11      EV:  8    Int: 10    God:    Ignis [......]
Gold:   273        SH: 14    Dex:  5    Spells: 12/12 levels left

rFire   + . .      SeeInvis .     - Unarmed
rCold   + . .      Faith    .   r - +0 kite shield
rNeg    . . .      Spirit   .   f - +0 steam dragon scales
rPois   .          Reflect  +   (helmet restricted)
rElec   .          Harm     .   n - scarf {repulsion}
rCorr   .          Rampage  .   (gloves unavailable)
Will    .....                   (boots unavailable)
Stlth   +.........              a - amulet of reflection
HPRegen 1.07/turn               i - ring of protection from cold
MPRegen 0.12/turn               t - +6 ring of strength

@: lethally poisoned (0 -> -14), about to teleport, repel missiles
A: large, unfitting armour, claws 3, regeneration 1, shaggy fur 1, tough skin 1,
horns 1
a: Renounce Religion, Rising Flame


You were on level 9 of the Dungeon.
You worshipped Ignis.
Ignis was noncommittal.
You visited 2 branches of the dungeon, and saw 10 of its levels.
You also visited: Ossuary.

You collected 494 gold pieces.
You spent 221 gold pieces at shops.


Innate Abilities, Weirdness & Mutations

You are too large for most types of armour.
You have claws for hands.
Your natural rate of healing is unusually fast.
You are covered in fur. (AC +1)
You have tough skin. (AC +1)
You have a pair of small horns on your head.


   Skills:
 - Level 5.0 Fighting
 - Level 1.3 Throwing
 - Level 1.2 Armour
 - Level 2.4 Dodging
 - Level 10.0 Shields
 + Level 13.1 Unarmed Combat
 - Level 1.0 Spellcasting
 - Level 2.1 Fire Magic


You had 12 spell levels left.
You didn't know any spells.
Your spell library contained the following spells:

 Spells                   Type           Power      Damage    Failure   Level
 Scorch                   Fire           8%         2d5       36%         2

Inventory:

Missiles
 c - 6 boomerangs (quivered)
Armour
 f - +0 steam dragon scales (worn)
 n - a scarf of repulsion (worn)
 r - a +0 kite shield (worn)
Jewellery
 a - an amulet of reflection (around neck)
 i - a ring of protection from cold (left claw)
 o - a +6 ring of dexterity
 t - a +6 ring of strength (right claw)
Scrolls
 b - 4 scrolls of brand weapon
 h - a scroll of noise {unknown}
 j - 2 scrolls of identify
 m - a scroll of teleportation
 q - a scroll of enchant weapon {unknown}
Potions
 d - 5 potions of curing
 e - a potion of haste
 g - a potion of resistance
 k - 2 potions of degeneration {unknown}
 l - a potion of might
 p - 2 potions of mutation

Dungeon Overview and Level Annotations

Branches:
Dungeon (9/15)             Temple (1/1) D:6         Ossuary (visited)
   Lair: D:8-11         Orc: D:9-12

Altars:
Ashenzari
Dithmenos
Elyvilon
Fedhas
Gozag
Hepliaklqana
Kikubaaqudgha
Makhleb
Nemelex Xobeh
Qazlal
Ru
Trog
Uskayaw
Vehumet
Wu Jian
Xom
Yredelemnul
Zin
The Shining One

Shops:
D:2 [(   D:4 :   D:5 [[*   D:6 [   D:7 (

Annotations:
D:4 1 runed translucent door, qw's ghost, amateur TeWr


Message History

You closely miss the killer bee.
You feel sick. The killer bee stings you.
The killer bee stings you but does no damage.
You block the killer bee's attack. The killer bee closely misses you.
The killer bee stings you but does no damage. x3
The killer bee closely misses you.
You closely miss the killer bee.
You feel sick. The killer bee stings you.
You are more poisoned.
The killer bee poisons you! You block the killer bee's attack.
The killer bee closely misses you. The killer bee stings you!
You are more poisoned.
The killer bee poisons you!
You closely miss the killer bee. Your headbutt misses the killer bee.
You feel very sick. The killer bee stings you.
You block the killer bee's attack. The killer bee closely misses you.
The killer bee stings you.
The killer bee stings you but does no damage.
The killer bee stings you!
You are more poisoned.
The killer bee poisons you! The killer bee stings you.
The killer bee barely misses you.
You miss the killer bee.
You feel very sick. You block the killer bee's attack.
The killer bee barely misses you.
The killer bee closely misses you. x2; The killer bee stings you.
You are more poisoned.
The killer bee poisons you! You block the killer bee's attack.
The killer bee stings you but does no damage.
The killer bee stings you.
8776 ||| READING 2 scrolls of teleportation.
As you read the scroll of teleportation, it crumbles to dust.
You feel strangely unstable.
You feel extremely sick.
The killer bee stings you. x2; You block the killer bee's attack.
The killer bee stings you. You block the killer bee's attack.
The killer bee stings you but does no damage.
The killer bee closely misses you. You block the killer bee's attack.
You closely miss the killer bee.
You die...

#### .... .......... ...)
............# ..# ....
.............# ..# ....
.............# ...# ...
.............##...# ##
..................##
####............%y.....O.
................@y.......
................yy.......
######.....#'##########.O
.....#.....+......#
.....#.....#......#
.....#.....#......+
.....#.....#.....##
#....#...#.#.....##
#....'...#.'.........


You could see a two-headed ogre (wandering) and 4 killer bees.

Vanquished Creatures
  2 centaur warriors (D:9)
  2 boulder beetles (D:9)
  A two-headed ogre (D:9)
  A tengu warrior (D:9)
  A skeletal warrior (D:8)
  Maggie (D:6)
  A troll (D:8)
  A hornet (D:8)
  Prince Ribbit (D:6)
  A blink frog (shapeshifter) (D:9)
  Grinder (D:5)
  A shadow (D:9)
  2 yaks (D:9)
  2 wyverns
  Eustachio (D:5)
  Menkaure (D:6)
  An acid dragon (D:9)
  Duvessa (D:5)
  3 water moccasins
  An ice beast (D:6)
  2 orc warriors
  A black bear (D:6)
  4 sky beasts
  4 ogres
  2 centaurs (D:9)
  A kobold brigand (D:7)
  Blork the orc (D:5)
  4 bullfrogs
  2 gnoll sergeants
  A scorpion (D:6)
  A wight (D:8)
  Dowan (D:5)
  10 killer bees
  2 howler monkeys (D:6)
  A jelly (D:7)
  3 hounds
  2 orc priests
  3 gnoll boudas
  3 iguanas
  4 orc wizards
  13 mummies (Ossuary)
  Robin (D:4)
  15 gnolls
  10 adders
  2 shadow imps (D:6)
  A white imp (D:6)
  An ufetubus (D:6)
  5 worms
  15 orcs
  7 ball pythons
  6 bats
  6 endoplasms
  4 giant cockroaches
  13 hobgoblins
  9 jackals
  10 kobolds
  8 quokkas
  4 frilled lizards
  2 gnoll skeletons (Ossuary)
  16 goblins
  4 goblin skeletons (Ossuary)
  A kobold skeleton (Ossuary)
  An orc skeleton (Ossuary)
  10 rats
  11 rat skeletons (Ossuary)
253 creatures vanquished.

Vanquished Creatures (others)
  A deep elf pyromancer (D:9)
  A plant (D:7)
2 creatures vanquished.

Grand Total: 255 creatures vanquished

Notes
Turn   | Place    | Note
-------+----------+-------------------------------------------
     0 | D:1      | qw the Troll Cinder Acolyte began the quest for the Orb.
     0 | D:1      | Reached XP level 1. HP: 22/22 MP: 1/1
     0 | D:1      | 0 ||| qw: Version: 0.1-a-95-gae9e614
     0 | D:1      | 0 ||| qw: Game counter: 4434
     0 | D:1      | 0 ||| qw: Always use a shield: true
     0 | D:1      | 0 ||| qw: God list: Okawaru
     0 | D:1      | 0 ||| qw: Allow faded altars: false
     0 | D:1      | 0 ||| qw: Do Orc after D:15 true
     0 | D:1      | 0 ||| qw: Do second Lair branch before Depths: true
     0 | D:1      | 0 ||| qw: Lair rune preference: random
     0 | D:1      | 0 ||| qw: Plans: Normal
     0 | D:1      | 0 ||| PLANNING D:1-11
    43 | D:1      | Found a faded altar of an unknown god.
    67 | D:1      | 67 ||| Stepping ~*~*~tactically~*~*~ (stealth).
    68 | D:1      | 68 ||| Stepping ~*~*~tactically~*~*~ (stealth).
   131 | D:1      | 131 ||| Stepping ~*~*~tactically~*~*~ (stealth).
   133 | D:1      | 133 ||| Stepping ~*~*~tactically~*~*~ (stealth).
   136 | D:1      | Reached XP level 2. HP: 29/29 MP: 2/2
   338 | D:1      | Reached skill level 4 in Unarmed Combat
   379 | D:1      | Reached XP level 3. HP: 36/36 MP: 3/3
   415 | D:1      | 415 ||| Stepping ~*~*~tactically~*~*~ (stealth).
   428 | D:1      | 428 ||| Stepping ~*~*~tactically~*~*~ (outnumbered).
   792 | D:1      | 792 ||| READING scroll labelled IPOHAY JAMUNI.
   793 | D:1      | 793 ||| READING scroll labelled WYHISEXYFO.
   796 | D:1      | 796 ||| DRINKING 2 fizzy clear potions.
   844 | D:1      | 844 ||| DROPPING potion of lignification.
   860 | D:2      | Found Hampele's Antique Armour Emporium.
   867 | D:2      | 867 ||| SHOPLISTING cloak (117 gold, have 66).
   990 | D:2      | Reached skill level 5 in Unarmed Combat
   990 | D:2      | Reached XP level 4. HP: 30/44 MP: 4/4
  1034 | D:2      | 1034 ||| Stepping ~*~*~tactically~*~*~ (stealth).
  1308 | D:2      | Found Xedaczepy's Weapon Shoppe.
  1569 | D:2      | 1569 ||| READING scroll labelled BOPSUJOITEU.
  1570 | D:2      | 1570 ||| READING scroll labelled WYPHEG JAGE.
  1571 | D:2      | 1571 ||| READING scroll labelled WEF XELIRUCWE.
  1631 | D:3      | 1631 ||| STAIRDANCE
  1662 | D:3      | 1662 ||| Stepping ~*~*~tactically~*~*~ (stealth).
  1663 | D:3      | 1663 ||| Stepping ~*~*~tactically~*~*~ (stealth).
  1694 | D:3      | 1694 ||| Stepping ~*~*~tactically~*~*~ (stealth).
  1695 | D:3      | 1695 ||| Stepping ~*~*~tactically~*~*~ (stealth).
  1701 | D:3      | 1701 ||| Stepping ~*~*~tactically~*~*~ (hiding).
  1977 | D:3      | 1977 ||| Stepping ~*~*~tactically~*~*~ (stealth).
  1978 | D:3      | 1978 ||| Stepping ~*~*~tactically~*~*~ (stealth).
  1979 | D:3      | 1979 ||| Stepping ~*~*~tactically~*~*~ (stealth).
  2005 | D:3      | 2005 ||| Stepping ~*~*~tactically~*~*~ (stealth).
  2025 | D:3      | 2025 ||| Stepping ~*~*~tactically~*~*~ (stealth).
  2026 | D:3      | 2026 ||| Stepping ~*~*~tactically~*~*~ (stealth).
  2028 | D:3      | 2028 ||| Stepping ~*~*~tactically~*~*~ (stealth).
  2029 | D:3      | 2029 ||| Stepping ~*~*~tactically~*~*~ (stealth).
  2030 | D:3      | 2030 ||| Stepping ~*~*~tactically~*~*~ (stealth).
  2031 | D:3      | 2031 ||| Stepping ~*~*~tactically~*~*~ (stealth).
  2059 | D:3      | 2059 ||| Stepping ~*~*~tactically~*~*~ (stealth).
  2102 | D:3      | Reached XP level 5. HP: 50/50 MP: 5/5
  2124 | D:3      | 2124 ||| Stepping ~*~*~tactically~*~*~ (stealth).
  2125 | D:3      | 2125 ||| Stepping ~*~*~tactically~*~*~ (stealth).
  2190 | D:3      | 2190 ||| Stepping ~*~*~tactically~*~*~ (stealth).
  2204 | D:3      | 2204 ||| Stepping ~*~*~tactically~*~*~ (stealth).
  2206 | D:3      | 2206 ||| Stepping ~*~*~tactically~*~*~ (stealth).
  2496 | D:3      | 2496 ||| READING scroll labelled EZESHR KUIJI.
  2497 | D:3      | 2497 ||| DRINKING 2 purple potions.
  2598 | D:3      | 2598 ||| DRINKING 2 fizzy pink potions.
  2599 | D:3      | 2599 ||| READING 2 scrolls of identify.
  2599 | D:3      | 2599 ||| IDENTIFYING metallic coppery potion
  2600 | D:3      | 2600 ||| DROPPING potion of ambrosia.
  2615 | D:4      | 2615 ||| PLANNING OSSUARY
  2616 | D:4      | Found a sand-covered staircase.
  2622 | D:4      | 2622 ||| Stepping ~*~*~tactically~*~*~ (hiding).
  2634 | D:4      | Reached skill level 6 in Unarmed Combat
  2649 | Ossuary  | Entered an ossuary
  2804 | Ossuary  | 2804 ||| INVOKING Fiery Armour.
  2853 | Ossuary  | Reached XP level 6. HP: 54/59 MP: 6/6
  2936 | Ossuary  | Reached skill level 7 in Unarmed Combat
  2963 | Ossuary  | 2963 ||| Stepping ~*~*~tactically~*~*~ (stealth).
  3068 | Ossuary  | 3068 ||| READING 2 scrolls labelled FIAHOSOXET.
  3069 | Ossuary  | 3069 ||| READING scroll labelled ITARUA LOOF.
  3070 | Ossuary  | 3070 ||| DRINKING 2 lumpy black potions.
  3071 | Ossuary  | 3071 ||| DRINKING 2 amethyst potions.
  3072 | Ossuary  | 3072 ||| DROPPING scroll of fear.
  3110 | D:4      | 3110 ||| PLANNING D:1-11
  3111 | D:4      | 3111 ||| Stepping ~*~*~tactically~*~*~ (stealth).
  3120 | D:4      | 3120 ||| Stepping ~*~*~tactically~*~*~ (stealth).
  3161 | D:4      | Noticed Robin
  3164 | D:4      | 3164 ||| INVOKING Fiery Armour.
  3173 | D:4      | Killed Robin
  3285 | D:4      | Found a runed translucent door.
  3285 | D:4      | Noticed qw's ghost (amateur TeWr)
  3406 | D:4      | Found Ydoxtoj's Book Shop.
  3413 | D:4      | Reached skill level 8 in Unarmed Combat
  3413 | D:4      | Reached XP level 7. HP: 66/66 MP: 7/7
  3418 | D:4      | Reached skill level 3 in Fighting
  3483 | D:4      | 3483 ||| Stepping ~*~*~tactically~*~*~ (stealth).
  3485 | D:4      | 3485 ||| Stepping ~*~*~tactically~*~*~ (stealth).
  3486 | D:4      | 3486 ||| Stepping ~*~*~tactically~*~*~ (stealth).
  3487 | D:4      | 3487 ||| Stepping ~*~*~tactically~*~*~ (stealth).
  3491 | D:4      | 3491 ||| Stepping ~*~*~tactically~*~*~ (stealth).
  3503 | D:4      | 3503 ||| INVOKING Fiery Armour.
  3652 | D:4      | 3652 ||| UPGRADING to +0 kite shield.
  3657 | D:4      | 3657 ||| UPGRADING to +6 ring of dexterity.
  3658 | D:4      | 3658 ||| READING 2 scrolls labelled XEMIFF NIJUGI.
  3659 | D:4      | 3659 ||| DROPPING scroll of vulnerability.
  3670 | D:5      | Entered Level 5 of the Dungeon
  3670 | D:5      | Noticed Blork the orc
  3671 | D:5      | 3671 ||| Stepping ~*~*~tactically~*~*~ (hiding).
  3674 | D:5      | Noticed Eustachio
  3675 | D:5      | 3675 ||| INVOKING Fiery Armour.
  3679 | D:5      | Killed Blork the orc
  3680 | D:5      | Reached skill level 1 in Shields
  3688 | D:5      | Killed Eustachio
  3689 | D:5      | Reached skill level 3 in Shields
  3693 | D:5      | 3693 ||| FLEEEEING.
  3694 | D:5      | 3694 ||| FLEEEEING.
  3695 | D:5      | 3695 ||| STAIRDANCE
  3757 | D:5      | 3757 ||| Stepping ~*~*~tactically~*~*~ (hiding).
  3814 | D:5      | 3814 ||| Stepping ~*~*~tactically~*~*~ (hiding).
  3815 | D:5      | 3815 ||| Stepping ~*~*~tactically~*~*~ (hiding).
  3829 | D:5      | 3829 ||| INVOKING Fiery Armour.
  3830 | D:5      | 3830 ||| Stepping ~*~*~tactically~*~*~ (outnumbered).
  3835 | D:5      | Reached XP level 8. HP: 39/75 MP: 8/8
  3984 | D:5      | Found Dicaov's Armour Shoppe.
  4052 | D:5      | Noticed Grinder
  4063 | D:5      | Killed Grinder
  4135 | D:5      | Noticed Dowan
  4136 | D:5      | 4136 ||| Stepping ~*~*~tactically~*~*~ (hiding).
  4239 | D:5      | 4239 ||| Stepping ~*~*~tactically~*~*~ (hiding).
  4240 | D:5      | 4240 ||| Stepping ~*~*~tactically~*~*~ (hiding).
  4251 | D:5      | Killed Dowan
  4278 | D:5      | Noticed Duvessa
  4279 | D:5      | 4279 ||| Stepping ~*~*~tactically~*~*~ (hiding).
  4291 | D:5      | 4291 ||| INVOKING Fiery Armour.
  4298 | D:5      | 4298 ||| Stepping ~*~*~tactically~*~*~ (outnumbered).
  4299 | D:5      | 4299 ||| Stepping ~*~*~tactically~*~*~ (outnumbered).
  4299 | D:5      | HP: 15/75 [Duvessa/+0 short sword (9)]
  4300 | D:5      | 4300 ||| READING 4 scrolls of teleportation.
  4301 | D:5      | 4301 ||| DRINKING 2 potions of heal wounds.
  4303 | D:5      | Killed Duvessa
  4354 | D:5      | Found a stormy altar of Qazlal.
  4428 | D:5      | Found Fuam's Assorted Antiques.
  4435 | D:5      | 4435 ||| BUYING grey potion (25 gold).
  4435 | D:5      | Bought a grey potion for 25 gold pieces
  4435 | D:5      | 4435 ||| BUYING potion of curing (84 gold).
  4435 | D:5      | Bought a potion of curing for 84 gold pieces
  4435 | D:5      | 4435 ||| SHOPLISTING potion of heal wounds (140 gold, have
                  | 114).
  4435 | D:5      | 4435 ||| BUYING scroll of identify (56 gold).
  4435 | D:5      | Bought a scroll of identify for 56 gold pieces
  4435 | D:5      | 4435 ||| BUYING scroll of identify (56 gold).
  4435 | D:5      | Bought a scroll of identify for 56 gold pieces
  4435 | D:5      | 4435 ||| SHOPLISTING smoky cyan potion (25 gold, have 2).
  4601 | D:5      | Found Gisiyto's Armour Shoppe.
  4609 | D:5      | 4609 ||| SHOPLISTING +0 acid dragon scales (440 gold, have
                  | 2).
  4609 | D:5      | 4609 ||| SHOPLISTING +2 cloak of Ycoonot {Drain rPois rN+
                  | Int+3} (336 gold, have 2).
  4609 | D:5      | 4609 ||| SHOPLISTING +2 pearl dragon scales (1192 gold,
                  | have 2).
  4710 | D:5      | 4710 ||| DROPPING scarf of shadows.
  4711 | D:5      | 4711 ||| UPGRADING to +6 ring of strength.
  4712 | D:5      | 4712 ||| READING scroll labelled ORGHUZ EWUFOPS.
  4713 | D:5      | 4713 ||| DRINKING 3 grey potions.
  4714 | D:5      | 4714 ||| DRINKING 2 smoky cyan potions.
  4715 | D:5      | 4715 ||| DRINKING 3 lumpy dark potions.
  4716 | D:5      | 4716 ||| DRINKING 2 sapphire potions.
  4716 | D:5      | Gained mutation: You possess an exceptional clarity of
                  | mind. [potion of mutation]
  4716 | D:5      | Gained mutation: You have a pair of small horns on your
                  | head. [potion of mutation]
  4716 | D:5      | Lost mutation: You possess an exceptional clarity of mind.
                  | [potion of mutation]
  4717 | D:5      | 4717 ||| READING 3 scrolls of identify.
  4717 | D:5      | 4717 ||| IDENTIFYING coppery potion
  4718 | D:5      | 4718 ||| DROPPING 2 potions of magic.
  4719 | D:5      | 4719 ||| DROPPING potion of flight.
  4720 | D:5      | 4720 ||| DROPPING potion of invisibility.
  4721 | D:5      | 4721 ||| DROPPING 2 potions of attraction.
  4722 | D:5      | 4722 ||| DROPPING potion of brilliance.
  4786 | D:6      | Noticed Menkaure
  4787 | D:6      | 4787 ||| Stepping ~*~*~tactically~*~*~ (stealth).
  4788 | D:6      | 4788 ||| Stepping ~*~*~tactically~*~*~ (hiding).
  4789 | D:6      | 4789 ||| Stepping ~*~*~tactically~*~*~ (hiding).
  4791 | D:6      | 4791 ||| INVOKING Fiery Armour.
  4791 | D:6      | Noticed Prince Ribbit
  4793 | D:6      | Reached skill level 6 in Shields
  4795 | D:6      | Killed Menkaure
  4799 | D:6      | Killed Prince Ribbit
  4800 | D:6      | Reached skill level 9 in Unarmed Combat
  4800 | D:6      | Reached XP level 9. HP: 55/81 MP: 9/9
  4829 | D:6      | Found a sacrificial altar of Ru.
  4854 | D:6      | Reached skill level 1 in Throwing
  4873 | D:6      | Noticed Maggie
  4874 | D:6      | 4874 ||| Stepping ~*~*~tactically~*~*~ (hiding).
  4875 | D:6      | 4875 ||| Stepping ~*~*~tactically~*~*~ (hiding).
  4889 | D:6      | Killed Maggie
  4914 | D:6      | Found the +8 trident of the Octopus King {venom, rElec
                  | rPois}
  5048 | D:6      | Found a staircase to the Ecumenical Temple.
  5071 | D:6      | 5071 ||| INVOKING Fiery Armour.
  5359 | D:6      | Reached skill level 10 in Unarmed Combat
  5529 | D:6      | Found Fuvom's Armour Shoppe.
  5679 | D:6      | 5679 ||| UPGRADING to +0 steam dragon scales.
  5689 | D:6      | 5689 ||| DROPPING +0 robe.
  5690 | D:6      | 5690 ||| READING 2 scrolls of identify.
  5690 | D:6      | 5690 ||| IDENTIFYING glowing red potion
  5744 | D:7      | Reached skill level 1 in Armour
  5913 | D:7      | Found a bloodstained altar of Trog.
  5952 | D:7      | 5952 ||| Stepping ~*~*~tactically~*~*~ (stealth).
  5957 | D:7      | 5957 ||| Stepping ~*~*~tactically~*~*~ (outnumbered).
  6003 | D:7      | 6003 ||| Stepping ~*~*~tactically~*~*~ (hiding).
  6106 | D:7      | 6106 ||| Stepping ~*~*~tactically~*~*~ (stealth).
  6112 | D:7      | 6112 ||| Stepping ~*~*~tactically~*~*~ (outnumbered).
  6119 | D:7      | 6119 ||| INVOKING Fiery Armour.
  6189 | D:7      | 6189 ||| Stepping ~*~*~tactically~*~*~ (outnumbered).
  6190 | D:7      | 6190 ||| Stepping ~*~*~tactically~*~*~ (outnumbered).
  6191 | D:7      | 6191 ||| Stepping ~*~*~tactically~*~*~ (outnumbered).
  6192 | D:7      | 6192 ||| Stepping ~*~*~tactically~*~*~ (hiding).
  6195 | D:7      | 6195 ||| Stepping ~*~*~tactically~*~*~ (outnumbered).
  6196 | D:7      | 6196 ||| Stepping ~*~*~tactically~*~*~ (outnumbered).
  6197 | D:7      | 6197 ||| Stepping ~*~*~tactically~*~*~ (outnumbered).
  6198 | D:7      | 6198 ||| Stepping ~*~*~tactically~*~*~ (outnumbered).
  6199 | D:7      | 6199 ||| Stepping ~*~*~tactically~*~*~ (outnumbered).
  6200 | D:7      | 6200 ||| Stepping ~*~*~tactically~*~*~ (outnumbered).
  6201 | D:7      | 6201 ||| Stepping ~*~*~tactically~*~*~ (outnumbered).
  6202 | D:7      | 6202 ||| Stepping ~*~*~tactically~*~*~ (outnumbered).
  6203 | D:7      | 6203 ||| Stepping ~*~*~tactically~*~*~ (outnumbered).
  6206 | D:7      | 6206 ||| Stepping ~*~*~tactically~*~*~ (outnumbered).
  6360 | D:7      | Identified the +6 whip of Isuixu {vorpal, rF+ Str+3}
  6404 | D:7      | Found Bumaun's Hydra Hut.
  6409 | D:7      | Noticed an eight-headed hydra
  6611 | D:7      | 6611 ||| UPGRADING to amulet of reflection.
  6616 | D:7      | 6616 ||| UPGRADING to ring of protection from cold.
  6717 | D:8      | Paralysed by a hornet for 1 turns
  6719 | D:8      | 6719 ||| INVOKING Fiery Armour.
  6829 | D:8      | 6829 ||| Stepping ~*~*~tactically~*~*~ (stealth).
  6842 | D:8      | Reached XP level 10. HP: 93/93 MP: 10/10
  6962 | D:8      | 6962 ||| INVOKING Fiery Armour.
  6964 | D:8      | HP: 22/93 [killer bee (3)]
  6965 | D:8      | 6965 ||| READING 5 scrolls of teleportation.
  6965 | D:8      | HP: 9/93 [killer bee (2)]
  6966 | D:8      | 6966 ||| DRINKING potion of heal wounds.
  6970 | D:8      | HP: 9/93 [poisoned by a killer bee]
  6974 | D:8      | HP: 4/93 [poisoned by a killer bee]
  6979 | D:8      | HP: 4/93 [poisoned by a killer bee]
  7256 | D:8      | 7256 ||| Stepping ~*~*~tactically~*~*~ (hiding).
  7624 | D:8      | 7624 ||| UPGRADING to scarf of repulsion.
  7629 | D:8      | 7629 ||| READING scroll labelled ZISCHELLOWN.
  7672 | D:8      | 7672 ||| READING scroll labelled OPLUOSUUXU.
  7673 | D:8      | 7673 ||| READING 2 scrolls of identify.
  7673 | D:8      | 7673 ||| IDENTIFYING sedimented puce potion
  7674 | D:8      | 7674 ||| DROPPING potion of berserk rage.
  7698 | D:9      | Noticed a skeletal warrior
  7700 | D:9      | 7700 ||| DRINKING 6 potions of curing.
  7700 | D:9      | 7700 ||| (to cure confusion)
  7704 | D:9      | Noticed a boulder beetle
  7705 | D:9      | 7705 ||| INVOKING Fiery Armour.
  7708 | D:9      | 7708 ||| Stepping ~*~*~tactically~*~*~ (outnumbered).
  7708 | D:9      | Noticed a deep elf pyromancer
  7709 | D:9      | 7709 ||| Stepping ~*~*~tactically~*~*~ (outnumbered).
  7710 | D:9      | 7710 ||| STAIRDANCE
  7725 | D:8      | Killed a skeletal warrior
  7726 | D:8      | Reached skill level 11 in Unarmed Combat
  7780 | D:9      | 7780 ||| STAIRDANCE
  7807 | D:9      | 7807 ||| INVOKING Fiery Armour.
  7814 | D:9      | Noticed a two-headed ogre
  7815 | D:9      | HP: 22/93 [deep elf pyromancer/+0 long sword (6)]
  7816 | D:9      | 7816 ||| READING 4 scrolls of teleportation.
  7818 | D:9      | Killed a boulder beetle
  7819 | D:9      | Reached skill level 9 in Shields
  7821 | D:9      | 7821 ||| Stepping ~*~*~tactically~*~*~ (hiding).
  7822 | D:9      | 7822 ||| Stepping ~*~*~tactically~*~*~ (hiding).
  7825 | D:9      | HP: 17/93 [orc priest/nerve-wracking pain (14)]
  7826 | D:9      | 7826 ||| READING 3 scrolls of teleportation.
  7827 | D:9      | 7827 ||| Stepping ~*~*~tactically~*~*~ (outnumbered).
  7909 | D:9      | Found a radiant altar of Vehumet.
  7910 | D:9      | 7910 ||| PLANNING TEMPLE
  7979 | D:9      | 7979 ||| Stepping ~*~*~tactically~*~*~ (hiding).
  7980 | D:9      | 7980 ||| Stepping ~*~*~tactically~*~*~ (hiding).
  7982 | D:9      | 7982 ||| Stepping ~*~*~tactically~*~*~ (hiding).
  7983 | D:9      | 7983 ||| Stepping ~*~*~tactically~*~*~ (hiding).
  7989 | D:9      | Noticed a centaur warrior
  7998 | D:9      | Killed a centaur warrior
  7999 | D:9      | Reached skill level 12 in Unarmed Combat
  8028 | D:9      | Noticed a centaur warrior
  8029 | D:9      | 8029 ||| Stepping ~*~*~tactically~*~*~ (stealth).
  8031 | D:9      | 8031 ||| Stepping ~*~*~tactically~*~*~ (hiding).
  8033 | D:9      | 8033 ||| Stepping ~*~*~tactically~*~*~ (hiding).
  8037 | D:9      | Killed a centaur warrior
  8046 | D:9      | 8046 ||| Stepping ~*~*~tactically~*~*~ (stealth).
  8051 | D:9      | 8051 ||| Stepping ~*~*~tactically~*~*~ (stealth).
  8054 | D:9      | 8054 ||| Stepping ~*~*~tactically~*~*~ (hiding).
  8085 | D:9      | Found an ornate altar of the Wu Jian Council.
  8111 | D:9      | Noticed a boulder beetle
  8113 | D:9      | 8113 ||| Stepping ~*~*~tactically~*~*~ (stealth).
  8116 | D:9      | 8116 ||| Stepping ~*~*~tactically~*~*~ (stealth).
  8125 | D:9      | Killed a two-headed ogre
  8126 | D:9      | Reached XP level 11. HP: 57/102 MP: 11/11
  8127 | D:9      | Killed a boulder beetle
  8129 | D:9      | Reached skill level 13 in Unarmed Combat
  8132 | D:9      | Killed a deep elf pyromancer
  8273 | Temple   | Entered the Ecumenical Temple
  8346 | Temple   | 8346 ||| PLANNING D:1-11
  8455 | D:9      | Identified the +1 trident "Killer Bee's Regret" {vorpal,
                  | *Noise Str+5}
  8514 | D:9      | 8514 ||| Stepping ~*~*~tactically~*~*~ (outnumbered).
  8515 | D:9      | 8515 ||| Stepping ~*~*~tactically~*~*~ (outnumbered).
  8516 | D:9      | 8516 ||| Stepping ~*~*~tactically~*~*~ (outnumbered).
  8517 | D:9      | 8517 ||| Stepping ~*~*~tactically~*~*~ (outnumbered).
  8518 | D:9      | 8518 ||| Stepping ~*~*~tactically~*~*~ (outnumbered).
  8519 | D:9      | 8519 ||| Stepping ~*~*~tactically~*~*~ (outnumbered).
  8520 | D:9      | 8520 ||| Stepping ~*~*~tactically~*~*~ (outnumbered).
  8521 | D:9      | 8521 ||| Stepping ~*~*~tactically~*~*~ (outnumbered).
  8522 | D:9      | 8522 ||| Stepping ~*~*~tactically~*~*~ (outnumbered).
  8523 | D:9      | 8523 ||| Stepping ~*~*~tactically~*~*~ (outnumbered).
  8524 | D:9      | 8524 ||| Stepping ~*~*~tactically~*~*~ (outnumbered).
  8525 | D:9      | 8525 ||| Stepping ~*~*~tactically~*~*~ (outnumbered).
  8526 | D:9      | 8526 ||| Stepping ~*~*~tactically~*~*~ (outnumbered).
  8527 | D:9      | 8527 ||| Stepping ~*~*~tactically~*~*~ (outnumbered).
  8622 | D:9      | Noticed a tengu warrior
  8623 | D:9      | 8623 ||| Stepping ~*~*~tactically~*~*~ (stealth).
  8625 | D:9      | 8625 ||| Stepping ~*~*~tactically~*~*~ (hiding).
  8638 | D:9      | Killed a tengu warrior
  8763 | D:9      | Noticed a two-headed ogre
  8764 | D:9      | 8764 ||| Stepping ~*~*~tactically~*~*~ (outnumbered).
  8775 | D:9      | HP: 25/102 [killer bee (1)]
  8776 | D:9      | 8776 ||| READING 2 scrolls of teleportation.
  8776 | D:9      | HP: 10/102 [killer bee (5)]
  8776 | D:9      | HP: 4/102 [killer bee (6)]
  8777 | D:9      | Succumbed to a killer bee's poison

Levels and vault maps discovered:
D:1:      eino_arrival_water_cross, layout_loops_ring,
          ebering_ecumenical_altar_webs
D:2:      layout_loops_ring, serial_shops, nicolae_shop_bloodbath_and_beyond,
          shop
D:3:      layout_loops_cross
D:4:      layout_rooms, gammafunk_ghost_grave, serial_shops, shop,
          lightli_ossuary_entry_decrepit_ruins, lightli_minifort, uniq_robin
D:5:      layout_basic, nicolae_qazlal_scattered_showers, serial_shops, shop,
          nicolae_diamond_shop, shop, uniq_grinder, uniq_eustachio,
          uniq_blork_the_orc, uniq_duvessa
D:6:      hellmonk_crumbling_castle, layout_cave_pods, nicolae_ru_awakened_eye,
          st_stairs_12, nicolae_stop_n_shop_1, uniq_maggie, uniq_prince_ribbit1,
          uniq_menkaure
D:7:      layout_basic, trog_book, enter_bailey_4,
          chequers_serial_rivers_room_b, doesnt_shop_hydraphobe
D:8:      layout_gridville
D:9:      minmay_the_grid_four_pointed_star_mashed
          [minmay_the_grid_triangle_9x9_thin_v,
          minmay_the_grid_triangle_9x9_stretched_checkered,
          minmay_the_grid_triangle_9x9_sparse_checkered,
          minmay_the_grid_triangle_9x9_sprig,
          minmay_the_grid_prize_inner_circle], layout_stronghold,
          nicolae_wu_jian_wuxing_cycle, vehumet_altar_wand_db,
          hangedman_abyss_or_decor_passed
Temple:   jpeg_temple_clearing

Skill      XL: |  1  2  3  4  5  6  7  8  9 10 11 |
---------------+----------------------------------+-----
Unarmed Combat | 4 5 6 8 9 10 12 13 | 13.1
Fighting       | 3 4 5 |  5.0
Shields        | 3 6 8 9 10 | 10.0
Dodging        | 2 |  2.4
Throwing       | 1 |  1.3
Armour         | 1 |  1.2
Spellcasting   | |  1.0
Fire Magic     | |  2.1

Action                   |  1- 3 |  4- 6 |  7- 9 | 10-12 || total
-------------------------+-------+-------+-------+-------++-------
Melee: Unarmed           |   123 |   189 |   238 |   140 ||   690
       Punch             |     1 |     4 |       |       ||     5
       Headbutt          |       |       |    26 |    13 ||    39
Throw: Boomerang         |     2 |    89 |    65 |    14 ||   170
Invok: Fiery Armour      |       |     2 |     8 |     3 ||    13
  Use: Scroll            |     2 |     7 |     5 |     7 ||    21
       Potion            |     1 |     4 |     5 |     2 ||    12
Armor: Robe              |    44 |    49 |    30 |       ||   123
       Steam dragon scal |       |       |    35 |    74 ||   109
Dodge: Dodged            |    40 |    34 |    83 |    66 ||   223
Block: Kite shield       |       |       |    96 |   132 ||   228
       Reflection        |       |       |       |    14 ||    14

Table legend:
 A = Non-vault XP
 B = Vault XP
 C = Vault XP percentage of total XP
 D = Non-vault monster count
 E = Vault monster count
 F = Vault count percentage of total count
                 A         B        C        D         E       F
            +---------+---------+-------+---------+---------+-------
      Total |    4964 |   10245 |  67.4 |     170 |      84 |  33.1
            +---------+---------+-------+---------+---------+-------
        D:1 |      56 |       0 |   0.0 |      34 |       0 |   0.0
        D:2 |      81 |       0 |   0.0 |      19 |       0 |   0.0
        D:3 |      83 |       0 |   0.0 |      29 |       0 |   0.0
        D:4 |     357 |     178 |  33.3 |      17 |      17 |  50.0
        D:5 |     390 |     774 |  66.5 |      14 |       5 |  26.3
        D:6 |    1090 |     968 |  47.0 |      17 |       4 |  19.0
        D:7 |     896 |      12 |   1.3 |      20 |       5 |  20.0
        D:8 |    1328 |    1139 |  46.2 |      13 |       3 |  18.8
        D:9 |     683 |    6921 |  91.0 |       7 |      18 |  72.0
    Ossuary |       0 |     253 | 100.0 |       0 |      32 | 100.0
            +---------+---------+-------+---------+---------+-------
